 Dungeon Crawl Stone Soup version 0.28.0-45-g0d030f2227 (webtiles) character file.

Game seed: 10793382905608459586

69 issech the Cudgeller (level 4, -1/44 HPs)
             Began as a Troll Monk on Apr 18, 2022.
             Slain by Terence
             ... wielding a +2 flail of pain
              (9 damage)
             ... on level 2 of the Dungeon.
             The game lasted 00:04:06 (1314 turns).

issech the Cudgeller (Troll Monk)                   Turns: 1314, Time: 00:04:07

Health: -1/44      AC:  4    Str: 19    XL:     4   Next: 2%
Magic:  3/3        EV: 10    Int:  6    God:
Gold:   88         SH:  0    Dex: 14    Spells: 3/3 levels left

rFire   . . .      SeeInvis .   a - +0 mace
rCold   . . .      Faith    .   (no shield)
rNeg    . . .      Spirit   .   n - +0 animal skin
rPois   .          Reflect  .   (helmet restricted)
rElec   .          Harm     .   (no cloak)
rCorr   .          Rampage  .   (gloves unavailable)
Will    .....                   (boots unavailable)
Stlth   ++........              (no amulet)
HPRegen 0.94/turn               (no ring)
MPRegen 0.08/turn               (no ring)

@: no status effects
A: large, unfitting armour, claws 3, regeneration 1, shaggy fur 1, tough skin 1
a: no special abilities


You were on level 2 of the Dungeon.
You visited 1 branch of the dungeon, and saw 2 of its levels.

You collected 88 gold pieces.

Inventory:

Hand Weapons
 a - a +0 mace (weapon)
 m - a +3 dagger of venom
Missiles
 d - 2 large rocks (quivered)
 g - 36 stones
 j - 22 bolts
Armour
 b - a +0 robe
 n - a +0 animal skin (worn)
Jewellery
 i - a ring of positive energy
 l - an amulet of faith
Scrolls
 c - 2 scrolls of teleportation {unknown}
 f - a scroll of magic mapping {unknown}
 h - a scroll of blinking {unknown}
 k - a scroll of brand weapon {unknown}
 o - a scroll of summoning {unknown}
Potions
 e - a potion of ambrosia {unknown}


   Skills:
 + Level 2.8 Fighting
 + Level 3.3 Maces & Flails
 + Level 3.1 Dodging
 + Level 1.2 Stealth


You had 3 spell levels left.
You didn't know any spells.
Your spell library was empty.

Dungeon Overview and Level Annotations

Branches:
Dungeon (2/15)

Altars:

Annotations:
D:2 Terence


Innate Abilities, Weirdness & Mutations

You are too large for most types of armour.
You have claws for hands.
Your natural rate of healing is unusually fast.
You are covered in fur. (AC +1)
You have tough skin. (AC +1)


Message History

You throw a stone.
The stone hits Terence but does no damage.
You throw a large rock. The large rock barely misses Terence.
Terence says, "Did you write a will?
You should..."
You completely miss Terence.
Terence hits you with a +2 flail of pain!
You closely miss Terence.
Terence hits you with a +2 flail of pain!
You writhe in agony.
Terence closely misses you.
You closely miss Terence.
Terence hits you with a +2 flail of pain.
You hit Terence.
Terence is moderately wounded.
Terence says, "Did you write a will?
You should..."
Terence completely misses you.
You hit Terence.
Terence is moderately wounded.
Terence hits you with a +2 flail of pain.
You barely miss Terence.
Terence is moderately wounded.
Terence hits you with a +2 flail of pain.
Terence barely misses you.
You closely miss Terence.
Terence is moderately wounded.
Terence hits you with a +2 flail of pain!
* * * LOW HITPOINT WARNING * * *
Terence says, "Did you write a will?
You should..."
You are too injured to fight recklessly!
You throw a large rock. The large rock hits Terence!
Terence is almost dead.
Terence hits you with a +2 flail of pain!
You barely miss Terence.
Terence is almost dead.
Terence hits you with a +2 flail of pain!
* * * LOW HITPOINT WARNING * * *
You writhe in agony.
* * * LOW HITPOINT WARNING * * *
Terence screams, "I'm going to kill you!"
Terence hits you with a +2 flail of pain!
You die...

... ##.## ... #...# #.# #.#.# #.#
#...# #.# #.### ######.## #.####
#.####.......# #.##.. #
#...<..#.###.######.##.# .#.#
######.#.# #.@@(....##.###.#.#
#...###.#########.#......
#.......# #........# ######.#####
#......[.#.# . ##..# #..####
#.##........ .###..## ##..#.#
#.##....#.## #.##....###.....#
#.##.##.#.#
#.##.#...#...#..######...>...#.#
#.#####.....###....†...[.......##


You could see Terence.

Vanquished Creatures
  Robin (D:2)
  2 adders (D:2)
  5 ball pythons (D:2)
  A bat (D:2)
  4 endoplasms
  9 goblins
  5 hobgoblins
  2 kobolds (D:1)
  2 quokkas
  5 rats
36 creatures vanquished.

Notes
Turn   | Place    | Note
-------+----------+-------------------------------------------
     0 | D:1      | issech the Troll Monk began the quest for the Orb.
     0 | D:1      | Reached XP level 1. HP: 22/22 MP: 0/0
   265 | D:1      | Reached XP level 2. HP: 29/29 MP: 1/1
   873 | D:2      | Noticed Robin
   900 | D:2      | Killed Robin
   901 | D:2      | Reached XP level 3. HP: 36/36 MP: 2/2
  1002 | D:2      | Found a faded altar of an unknown god.
  1241 | D:2      | Reached XP level 4. HP: 37/44 MP: 3/3
  1289 | D:2      | Noticed Terence
  1314 | D:2      | Slain by Terence

Illustrated notes

Levels and vault maps discovered:
D:1:      minmay_arrival_checkered_box, layout_loops_ring, eino_curves_02
D:2:      layout_loops_cross, serial_shops, nicolae_shop_trees,
          nicolae_ecumenical_snake_handling, uniq_robin, uniq_terence,
          uniq_sigmund

Skill      XL: |  1  2  3 |
---------------+----------+-----
Maces & Flails | 3 |  3.3
Dodging        | 3 |  3.1
Fighting       | |  2.8
Stealth        | |  1.2

Action                   |  1- 3 |  4- 6 || total
-------------------------+-------+-------++-------
Melee: Mace              |   106 |     8 ||   114
Throw: Large rock        |     7 |     2 ||     9
       Stone             |     1 |     2 ||     3
 Stab: Sleeping          |     3 |       ||     3
Armor: Robe              |    20 |       ||    20
       Animal skin       |    11 |       ||    11
Dodge: Dodged            |    63 |     3 ||    66
